TOP OF THE 1ST |
Indianapolis Indians batting - Pitching for Syracuse Chiefs : LHP Jose Torres
|
Pitching: LHP Jose Torres
|
|
Batting: RHB Kirk Seiffert
|
0-0: Swinging Strike 0-1: Foul Ball, location: 2F 0-2: Foul Ball, location: 2F 0-2: Ball 1-2: Strikes out looking
|
Batting: RHB Caleb Russell
|
0-0: Called Strike 0-1: Ball 1-1: Ball 2-1: Ball 3-1: Foul Ball, location: 2F 3-2: Foul Ball, location: 2F 3-2: Foul Ball, location: 2F 3-2: Strikes out swinging
|
Batting: RHB Mike Cochran
|
0-0: Ball 1-0: Called Strike 1-1: Foul Ball, location: 2F 1-2: Ball 2-2: Hit by Pitch
|
Batting: LHB Marc Carter
|
0-0: Ball 1-0: Ground out 4-3 (Groundball, 34, EV 90.6 MPH)
|
Top of the 1st over - 0 runs, 0 hits, 0 errors, 1 left on base; Indianapolis 0 - Syracuse 0 |
BOTTOM OF THE 1ST |
Syracuse Chiefs batting - Pitching for Indianapolis Indians : LHP Martin Garcia
|
Pitching: LHP Martin Garcia
|
|
Batting: RHB Ke-yue Hong
|
0-0: Ball 1-0: Called Strike 1-1: Ground out 5-3 (Groundball, 56S, EV 80.6 MPH)
|
Batting: LHB Sidney Pedder
|
0-0: Ball 1-0: Swinging Strike 1-1: Fly out, F9 (Flyball, 9, EV 89.4 MPH)
|
Batting: SHB Alex Ethridge
|
0-0: Ball 1-0: Called Strike 1-1: Fly out, F9 (Flyball, 9LS, EV 81.2 MPH)
|
Bottom of the 1st over - 0 runs, 0 hits, 0 errors, 0 left on base; Indianapolis 0 - Syracuse 0 |
TOP OF THE 2ND |
Indianapolis Indians batting - Pitching for Syracuse Chiefs : LHP Jose Torres
|
Batting: RHB Bubba Tierney
|
0-0: Ball 1-0: Ball 2-0: Ball 3-0: Ground out 1-3 (Groundball, 25, EV 65.6 MPH)
|
Batting: SHB Ben Myers
|
0-0: Ball 1-0: Fly out, F8 (Flyball, 89XD, EV 95.6 MPH)
|
Batting: LHB Jorge Quintana
|
0-0: Ball 1-0: Foul Ball, location: 2F 1-1: Foul Ball, location: 2F 1-2: Fly out, F8 (Flyball, 8RM, EV 84.4 MPH)
|
Top of the 2nd over - 0 runs, 0 hits, 0 errors, 0 left on base; Indianapolis 0 - Syracuse 0 |
BOTTOM OF THE 2ND |
Syracuse Chiefs batting - Pitching for Indianapolis Indians : LHP Martin Garcia
|
Batting: RHB Danny Gerardo
|
0-0: Called Strike 0-1: Ball 1-1: Ball 2-1: Swinging Strike 2-2: Ball 3-2: Base on Balls
|
Batting: RHB Ben Welt
|
0-0: Foul Ball, location: 2F 0-1: Ball 1-1: Swinging Strike 1-2: SINGLE (Line Drive, 8RS, EV 88.1 MPH) Danny Gerardo to second
|
Batting: RHB Niek de Haan
|
0-0: Fly out, F7 (Line Drive, 7S, EV 94.4 MPH)
|
Batting: LHB Dana McDonald
|
0-0: Swinging Strike 0-1: Ball 1-1: Called Strike 1-2: Fly out, F8 (Flyball, 8LXD, EV 87.5 MPH) Runner from 2nd tags up, SAFE at 3rd, no throw by CF
|
Batting: RHB Ryan Short
|
0-0: Fielders Choice at 2nd, 6-4 (Groundball, 6, EV 80.0 MPH)
|
Bottom of the 2nd over - 0 runs, 1 hit, 0 errors, 2 left on base; Indianapolis 0 - Syracuse 0 |
TOP OF THE 3RD |
Indianapolis Indians batting - Pitching for Syracuse Chiefs : LHP Jose Torres
|
Batting: RHB Jorge Cruz
|
0-0: Called Strike 0-1: Ball 1-1: Foul Ball, location: 2F 1-2: Ball 2-2: Ground out 6-3 (Groundball, 6, EV 90.0 MPH)
|
Batting: RHB Slamet Pamungkas
|
0-0: Ball 1-0: Called Strike 1-1: Foul Ball, location: 2F 1-2: Foul Ball, location: 2F 1-2: Ground out 6-3 (Groundball, 6, EV 84.4 MPH)
|
Batting: RHB Kirk Seiffert
|
0-0: Called Strike 0-1: Foul Ball, location: 2F 0-2: SINGLE (Line Drive, 4D, EV 96.2 MPH)
|
Batting: RHB Caleb Russell
|
0-0: Ball 1-0: Ball 2-0: Called Strike Kirk Seiffert is caught stealing 2nd base 2-4
|
Top of the 3rd over - 0 runs, 1 hit, 0 errors, 0 left on base; Indianapolis 0 - Syracuse 0 |
BOTTOM OF THE 3RD |
Syracuse Chiefs batting - Pitching for Indianapolis Indians : LHP Martin Garcia
|
Batting: LHB Erik Beezley
|
0-0: Called Strike 0-1: SINGLE (Line Drive, 8LS, EV 110.6 MPH)
|
Batting: RHB Ke-yue Hong
|
0-0: Called Strike 0-1: Foul Ball, location: 2F 0-2: Ball 1-2: Foul Ball, location: 2F 1-2: Ball Erik Beezley steals 2nd base 2-2: Ball 3-2: Fly out, F7 (Flyball, 78D, EV 93.8 MPH)
|
Batting: LHB Sidney Pedder
|
0-0: Ball 1-0: Foul Ball, location: 2F 1-1: Called Strike 1-2: Fly out, F4 (Line Drive, 4, EV 63.8 MPH) Lined into DP, 4-6 (Line Drive, 4, EV 70.6 MPH)
|
Bottom of the 3rd over - 0 runs, 1 hit, 0 errors, 0 left on base; Indianapolis 0 - Syracuse 0 |
TOP OF THE 4TH |
Indianapolis Indians batting - Pitching for Syracuse Chiefs : LHP Jose Torres
|
Batting: RHB Caleb Russell
|
0-0: Ball 1-0: Ball 2-0: Foul Ball, location: 2F 2-1: Foul Ball, location: 2F 2-2: Strikes out swinging
|
Batting: RHB Mike Cochran
|
0-0: Foul Ball, location: 2F 0-1: Swinging Strike 0-2: Ground out 6-3 (Groundball, 6M, EV 78.8 MPH)
|
Batting: LHB Marc Carter
|
0-0: Ball 1-0: Foul Ball, location: 2F 1-1: Fly out, F7 (Line Drive, 7D, EV 98.1 MPH)
|
Top of the 4th over - 0 runs, 0 hits, 0 errors, 0 left on base; Indianapolis 0 - Syracuse 0 |
BOTTOM OF THE 4TH |
Syracuse Chiefs batting - Pitching for Indianapolis Indians : LHP Martin Garcia
|
Batting: SHB Alex Ethridge
|
0-0: Ball 1-0: SOLO HOME RUN (Flyball, 7D, EV 92.5 MPH), Distance : 350 ft
|
Batting: RHB Danny Gerardo
|
0-0: Called Strike 0-1: Ground out 6-3 (Groundball, 6, EV 87.5 MPH)
|
Batting: RHB Ben Welt
|
0-0: Ball 1-0: Swinging Strike 1-1: Ball 2-1: Foul Ball, location: 2F 2-2: Ball 3-2: Foul Ball, location: 2F 3-2: Strikes out swinging
|
Batting: RHB Niek de Haan
|
0-0: Swinging Strike 0-1: Ball 1-1: Fly out, F9 (Flyball, 9LM, EV 83.1 MPH)
|
Bottom of the 4th over - 1 run, 1 hit, 0 errors, 0 left on base; Indianapolis 0 - Syracuse 1 |
TOP OF THE 5TH |
Indianapolis Indians batting - Pitching for Syracuse Chiefs : LHP Jose Torres
|
Batting: RHB Bubba Tierney
|
0-0: Ball 1-0: Ball 2-0: Called Strike 2-1: Foul Ball, location: 2F 2-2: Foul Ball, location: 2F 2-2: Fly out, F3 (Line Drive, 3, EV 68.8 MPH)
|
Batting: SHB Ben Myers
|
0-0: Ball 1-0: Ball 2-0: Called Strike 2-1: Swinging Strike 2-2: Strikes out swinging
|
Batting: LHB Jorge Quintana
|
0-0: Called Strike 0-1: Ball 1-1: DOUBLE (Line Drive, 78D, EV 99.4 MPH)
|
Batting: RHB Jorge Cruz
|
0-0: Called Strike 0-1: Ground out 6-3 (Groundball, 6, EV 96.9 MPH)
|
Top of the 5th over - 0 runs, 1 hit, 0 errors, 1 left on base; Indianapolis 0 - Syracuse 1 |
BOTTOM OF THE 5TH |
Syracuse Chiefs batting - Pitching for Indianapolis Indians : LHP Martin Garcia
|
Batting: LHB Dana McDonald
|
0-0: Ball 1-0: Called Strike 1-1: Called Strike 1-2: Strikes out swinging
|
Batting: RHB Ryan Short
|
0-0: Called Strike 0-1: DOUBLE (Line Drive, 7LD, EV 113.1 MPH)
|
Batting: LHB Erik Beezley
|
0-0: Foul Ball, location: 2F 0-1: Called Strike Ryan Short steals 3rd base (no throw) 0-2: Strikes out looking and he ARGUES THE CALL AND IS TOSSED!
|
Batting: RHB Ke-yue Hong
|
0-0: Called Strike 0-1: Foul Ball, location: 2F 0-2: Ball 1-2: Ground out 4-3 (Groundball, 34D, EV 83.8 MPH)
|
Bottom of the 5th over - 0 runs, 1 hit, 0 errors, 1 left on base; Indianapolis 0 - Syracuse 1 |
TOP OF THE 6TH |
Indianapolis Indians batting - Pitching for Syracuse Chiefs : LHP Jose Torres
|
Now in RF: Ryota Tenno
|
|
Batting: RHB Slamet Pamungkas
|
0-0: Ball 1-0: Ground out 4-3 (Groundball, 4, EV 90.6 MPH)
|
Batting: RHB Kirk Seiffert
|
0-0: Called Strike 0-1: Swinging Strike 0-2: DOUBLE (Groundball, 5L, EV 107.5 MPH)
|
Batting: RHB Caleb Russell
|
0-0: Called Strike 0-1: SINGLE (Flyball, 89S, EV 87.5 MPH) Kirk Seiffert to third
|
Batting: RHB Mike Cochran
|
0-0: Ball 1-0: Foul Ball, location: 2F 1-1: Ball 2-1: SINGLE (Line Drive, 78S, EV 92.5 MPH) Kirk Seiffert scores Caleb Russell to second
|
Batting: LHB Marc Carter
|
0-0: Ball Caleb Russell steals 3rd base 1-0: Called Strike 1-1: Ball 2-1: SINGLE (Line Drive, 4MD, EV 95.6 MPH) Caleb Russell scores Mike Cochran to second
|
Batting: RHB Bubba Tierney
|
0-0: Ball 1-0: Ball 2-0: Foul Ball, location: 2F 2-1: Ball 3-1: 3-RUN HOME RUN (Flyball, 9LD, EV 93.8 MPH), Distance : 341 ft
|
Pitching: RHP Johnny Marquez
|
|
Batting: SHB Ben Myers
|
0-0: Called Strike 0-1: Ball 1-1: Foul Ball, location: 2F 1-2: Foul Ball, location: 2F 1-2: Strikes out swinging
|
Batting: LHB Jorge Quintana
|
0-0: Ball 1-0: Called Strike 1-1: Called Strike 1-2: Ball 2-2: Ball 3-2: SINGLE (Groundball, 4MD, EV 105.6 MPH)
|
Batting: RHB Jorge Cruz
|
0-0: Called Strike Jorge Quintana is caught stealing 2nd base 2-4
|
Top of the 6th over - 5 runs, 6 hits, 0 errors, 0 left on base; Indianapolis 5 - Syracuse 1 |
BOTTOM OF THE 6TH |
Syracuse Chiefs batting - Pitching for Indianapolis Indians : LHP Martin Garcia
|
Batting: LHB Sidney Pedder
|
0-0: Ball 1-0: Called Strike 1-1: Ball 2-1: Foul Ball, location: 2F 2-2: Foul Ball, location: 2F 2-2: Ball 3-2: Foul Ball, location: 2F 3-2: Fly out, F7 (Flyball, 7S, EV 90.6 MPH)
|
Batting: SHB Alex Ethridge
|
0-0: Called Strike 0-1: Called Strike 0-2: SINGLE (Groundball, 56S, EV 65.0 MPH) (infield hit)
|
Batting: RHB Danny Gerardo
|
0-0: Called Strike Alex Ethridge steals 2nd base 0-1: Ball 1-1: Called Strike Alex Ethridge steals 3rd base 1-2: Foul Ball, location: 2F 1-2: Strikes out swinging
|
Batting: RHB Ben Welt
|
0-0: Foul Ball, location: 2F 0-1: Called Strike 0-2: Foul Ball, location: 2F 0-2: Strikes out swinging
|
Bottom of the 6th over - 0 runs, 1 hit, 0 errors, 1 left on base; Indianapolis 5 - Syracuse 1 |
TOP OF THE 7TH |
Indianapolis Indians batting - Pitching for Syracuse Chiefs : RHP Johnny Marquez
|
Batting: RHB Jorge Cruz
|
0-0: Ball 1-0: Foul Ball, location: 2F 1-1: Ground out 5-3 (Groundball, 5, EV 90.0 MPH)
|
Batting: RHB Slamet Pamungkas
|
0-0: Called Strike 0-1: Foul Ball, location: 2F 0-2: Ball 1-2: Ball 2-2: Strikes out swinging
|
Batting: RHB Kirk Seiffert
|
0-0: Foul Ball, location: 2F 0-1: Foul Ball, location: 2F 0-2: Foul Ball, location: 2F 0-2: Foul Ball, location: 2F 0-2: Ball 1-2: Ground out 4-3 (Groundball, 4, EV 101.9 MPH)
|
Top of the 7th over - 0 runs, 0 hits, 0 errors, 0 left on base; Indianapolis 5 - Syracuse 1 |
BOTTOM OF THE 7TH |
Syracuse Chiefs batting - Pitching for Indianapolis Indians : LHP Martin Garcia
|
Pitching: RHP Tony Contreras
|
|
Batting: RHB Niek de Haan
|
0-0: Fly out, F8 (Flyball, 8LD, EV 101.9 MPH)
|
Batting: LHB Dana McDonald
|
0-0: Ball 1-0: Ball 2-0: Ball 3-0: Foul Ball, location: 2F 3-1: SINGLE (Line Drive, 7S, EV 95.0 MPH)
|
Batting: RHB Ryan Short
|
0-0: Called Strike 0-1: SINGLE (Line Drive, 34, EV 96.9 MPH) Dana McDonald to second Runner from 2nd tries for 3rd, SAFE, throw by RF made to third
|
Batting: RHB Ryota Tenno
|
0-0: Ball Ryan Short steals 2nd base 1-0: Foul Ball, location: 2F 1-1: Swinging Strike 1-2: Ball 2-2: Ball 3-2: Strikes out swinging
|
Batting: RHB Ke-yue Hong
|
0-0: Foul Ball, location: 2F 0-1: Ball 1-1: Foul Ball, location: 2F 1-2: Ball 2-2: Foul Ball, location: 2F 2-2: Strikes out swinging
|
Bottom of the 7th over - 0 runs, 2 hits, 0 errors, 2 left on base; Indianapolis 5 - Syracuse 1 |
TOP OF THE 8TH |
Indianapolis Indians batting - Pitching for Syracuse Chiefs : RHP Johnny Marquez
|
Pitching: RHP Danny Newbegin
|
|
Batting: RHB Caleb Russell
|
0-0: Ball 1-0: SINGLE (Groundball, 56D, EV 103.8 MPH)
|
Batting: RHB Mike Cochran
|
0-0: Called Strike 0-1: Swinging Strike 0-2: Foul Ball, location: 2F 0-2: Grounds into double play, 6-4-3 (Groundball, 6, EV 86.2 MPH)
|
Batting: LHB Marc Carter
|
0-0: Ball 1-0: Ground out 3-1 (Groundball, 34S, EV 92.5 MPH)
|
Top of the 8th over - 0 runs, 1 hit, 0 errors, 0 left on base; Indianapolis 5 - Syracuse 1 |
BOTTOM OF THE 8TH |
Syracuse Chiefs batting - Pitching for Indianapolis Indians : RHP Tony Contreras
|
Batting: LHB Sidney Pedder
|
0-0: Ball 1-0: Foul Ball, location: 2F 1-1: Foul Ball, location: 2F 1-2: Ball 2-2: Ground out 4-3 (Groundball, 13, EV 83.8 MPH)
|
Batting: SHB Alex Ethridge
|
0-0: Foul Ball, location: 2F 0-1: Ball 1-1: SINGLE (Groundball, 4MD, EV 103.1 MPH)
|
Batting: RHB Danny Gerardo
|
0-0: SINGLE (Groundball, 34S, EV 98.8 MPH) Alex Ethridge to second Runner from 2nd tries for 3rd, SAFE, throw by RF made to third
|
Batting: RHB Ben Welt
|
0-0: Called Strike 0-1: Foul Ball, location: 2F 0-2: Ball 1-2: Foul Ball, location: 2F 1-2: Grounds into double play, 6-4-3 (Groundball, 6, EV 81.9 MPH)
|
Bottom of the 8th over - 0 runs, 2 hits, 0 errors, 1 left on base; Indianapolis 5 - Syracuse 1 |
TOP OF THE 9TH |
Indianapolis Indians batting - Pitching for Syracuse Chiefs : RHP Danny Newbegin
|
Batting: RHB Bubba Tierney
|
0-0: Ball 1-0: Ball 2-0: Ground out 6-3 (Groundball, 6, EV 104.4 MPH)
|
Batting: SHB Ben Myers
|
0-0: Ground out U3 (Groundball, 3L, EV 104.4 MPH)
|
Batting: LHB Jorge Quintana
|
0-0: Ball 1-0: Swinging Strike 1-1: Ball 2-1: Ground out 4-3 (Groundball, 4, EV 110.6 MPH)
|
Top of the 9th over - 0 runs, 0 hits, 0 errors, 0 left on base; Indianapolis 5 - Syracuse 1 |
BOTTOM OF THE 9TH |
Syracuse Chiefs batting - Pitching for Indianapolis Indians : RHP Tony Contreras
|
Pitching: RHP Robby Granados
|
|
Batting: RHB Niek de Haan
|
0-0: Called Strike 0-1: Foul Ball, location: 2F 0-2: Ground out 6-3 (Groundball, 6, EV 87.5 MPH)
|
Batting: LHB Dana McDonald
|
0-0: Ball 1-0: Called Strike 1-1: Ball 2-1: Ball 3-1: Called Strike 3-2: Foul Ball, location: 2F 3-2: Base on Balls
|
Batting: RHB Ryan Short
|
0-0: Swinging Strike 0-1: Ball 1-1: Swinging Strike 1-2: Strikes out swinging
|
Batting: RHB Ryota Tenno
|
0-0: Ground out 4-3 (Groundball, 4, EV 103.1 MPH)
|
Bottom of the 9th over - 0 runs, 0 hits, 0 errors, 1 left on base; Indianapolis 5 - Syracuse 1 |
|